AoeStats
← valentindumitrasko

Arabia

510420807Analyzed
2v2 RM · 2d ago on Sep 30, 2026· 20m 17s· 4 players
Game mode
Random Map
Map size
Medium (4 player)
Population
200
Speed
Normal
Resources
Standard
Victory
Conquest
Starting age
Dark Age
Ending age
Imperial Age
RankedLock teamsTeams togetherTeam positionsShared explorationLock speedFull tech treeHidden civsTurbo modeCheats
Victory
Defeat
🇲🇩 Magyars · Moldova
668
+13
🇲🇩 Varangians · Moldova
636
+14
🇺🇸 Teutons · United States
616
-14
🇨🇴 Slavs · Colombia
589
-13
Big Tasty
5:19 Loom
11:28 Feudal Age
13:20 Wheelbarrow
12:40 Double-Bit Axe
12:52 Horse Collar
17:15 Stone Mining
17:19 Gold Mining
22:29 Castle Age
Cruzetinho
5:31 Loom
9:47 Feudal Age
12:15 Double-Bit Axe
12:31 Man-at-Arms
appdata
11:07 Feudal Age
13:17 Scale Barding Armor
13:50 Bloodlines
valentindumitrasko
10:51 Feudal Age
12:26 Double-Bit Axe
13:52 Loom
14:59 Horse Collar
18:16 Wheelbarrow
22:14 Castle Age
20:14 Gold Mining
20:15 Stone Mining
Connection lost

Rejoining the realm…

Still unreachable

The connection could not be restored.

Session expired

The server has moved on; the page needs a fresh start.